 Dungeon Crawl Stone Soup version 0.26-a0-542-gbaa144ba5c (webtiles) character file.

Game seed: 11946114007142355666

32 MrRokkomies the Stinger (level 3, 0/20 HPs)
             Began as a Tengu Venom Mage on Aug 18, 2020.
             Killed from afar by a white imp (3 damage)
             ... with a puff of frost
             ... on level 2 of the Dungeon.
             The game lasted 00:02:01 (1918 turns).

MrRokkomies the Stinger (Tengu Venom Mage)          Turns: 1918, Time: 00:02:02

Health: 0/20       AC:  3    Str:  7 (8)  XL:     3   Next: 27%
Magic:  2/7        EV: 13    Int: 19 (22) God:
Gold:   73         SH:  0    Dex: 13 (14) Spells: 3/6 levels left

rFire    . . .     SeeInvis .   e - +0 dagger
rCold    . . .     Faith    .   (no shield)
rNeg     . . .     Spirit   .   a - +0 robe
rPois    .         Reflect  .   (helmet restricted)
rElec    .         Harm     .   (no cloak)
rCorr    .                      d - +0 pair of gloves
MR       .....                  (boots unavailable)
Stlth    ++........             (no amulet)
HPRegen  0.06/turn              k - +6 ring of intelligence
MPRegen  0.10/turn              (no ring)

@: no status effects
A: beak, talons 3
a: no special abilities


You were on level 2 of the Dungeon.
You visited 1 branch of the dungeon, and saw 2 of its levels.

You collected 73 gold pieces.

Inventory:

Hand Weapons
 e - a +0 dagger (weapon)
Armour
 a - a +0 robe (worn)
 d - a +0 pair of gloves (worn)
Jewellery
 k - a +6 ring of intelligence (left hand)
Scrolls
 b - 2 scrolls of identify {unknown}
 c - a scroll of enchant armour {unknown}
 l - a scroll of teleportation {unknown}
 m - a scroll of random uselessness {unknown}
Potions
 g - a potion of degeneration
 h - a potion of magic {unknown}
 i - a potion of curing {unknown}
 j - a potion of haste {unknown}


   Skills:
 + Level 0.9 Fighting
 * Level 2.9 Dodging
 - Level 2.0 Stealth
 + Level 2.2 Spellcasting
 - Level 0.7 Transmutations
 * Level 3.4 Poison Magic


You had 3 spell levels left.
You knew the following spells:

 Your Spells              Type           Power        Failure   Level
a - Sting                 Tmut/Pois      ##..         7%          1
b - Poisonous Vapours     Pois/Air       #.....       12%         2

Your spell library contained the following spells:

 Spells                   Type           Power        Failure   Level
 Ignite Poison            Fire/Tmut/Pois #.......     28%         3
 Mephitic Cloud           Conj/Pois/Air  #.......     30%         3
 Olgreb's Toxic Radiance  Pois           ###.....     36%         4


Dungeon Overview and Level Annotations

Branches:
Dungeon (2/15)

Altars:


Innate Abilities, Weirdness & Mutations

You have a beak for a mouth.
You have claws for feet.


Message History

Casting: Sting (safe; 6% risk of failure)
Confirm with . or Enter, or press ? or * to list all spells.
Aiming: Sting (safe; 6% risk of failure)
Press: ? - help, Shift-Dir - straight line, f/p - white imp
Aim: a white imp (lightly wounded, very poisoned)
The sting misses the white imp.
The white imp gestures at you. The puff of frost hits you.
* * * LOW HITPOINT WARNING * * *
The white imp gestures at you. The puff of frost misses you.
There is a stone staircase leading up here.
It was a potion of degeneration.
There was something very wrong with that liquid.
You feel weakened.
You feel dopey.
You feel clumsy.
It was a potion of cancellation.
You feel magically purged. The white imp puffs mist at you.
The white imp gestures at you. The puff of frost hits you.
You die...

##########
#..5@....#
#..######.#
#.. #.. .#.
.... .# #.
## ##


You could see a white imp (poisoned).

Vanquished Creatures
  A dart slug (D:1)
  5 bats (D:1)
  2 giant cockroaches (D:1)
  3 goblins (D:1)
  6 hobgoblins (D:1)
  5 jackals (D:1)
  2 kobolds (D:1)
  2 rats (D:1)
26 creatures vanquished.

Notes
Turn   | Place    | Note
-------+----------+-------------------------------------------
     0 | D:1      | MrRokkomies the Tengu Venom Mage began the quest for the
                  | Orb.
     0 | D:1      | Reached XP level 1. HP: 10/10 MP: 4/4
   878 | D:1      | Reached XP level 2. HP: 16/16 MP: 3/6
   934 | D:1      | Learned a level 2 spell: Poisonous Vapours
  1449 | D:1      | Reached XP level 3. HP: 20/20 MP: 7/7
  1918 | D:2      | Killed from afar by a white imp

Illustrated notes

Levels and vault maps discovered:
D:1:      dpeg_arrival_rooms_with_view, layout_loops_corners
D:2:      minmay_thinvault, layout_loops_corners

Action                   || total
-------------------------++-------
Melee: Unarmed           ||    24
       Kick              ||    14
       Peck              ||     7
       Dagger            ||    37
 Cast: Sting             ||    26
  Use: Potion            ||     2
 Stab: Sleeping          ||     4
Armor: Robe              ||    11
Dodge: Dodged            ||    56

Table legend: (Time is in decaauts)
 A = Elapsed time spent in this place.
 B = Non-inter-level travel time spent in this place.
 C = Inter-level travel time spent in this place.
 D = Time resting spent in this place.
 E = Time spent auto-exploring this place.
 F = Levels seen in this place.
 G = Mean time per level.
                   A        B        C        D        E       F      G
               +--------+--------+--------+--------+--------+-----+--------+
         Total |   1916 |   1876 |     40 |      0 |   1674 |   2 |  958.0 |
       Dungeon |   1916 |   1876 |     40 |      0 |   1674 |   2 |  958.0 |
               +--------+--------+--------+--------+--------+-----+--------+

Top non-repeatable levels by time:
     D:1: 1904 daAuts
     D:2: 12 daAuts
